 Dungeon Crawl Stone Soup version 0.31-a0-150-g89dc3ad700 (webtiles) character file.

Game seed: 2926512058270536649

704 qw the Skirmisher (level 7, 0/61 HPs)
             Began as a Minotaur Hunter on June 8, 2023.
             Slain by Pikel
             ... wielding a +0 whip of flaming
              (1 damage)
             ... on level 5 of the Dungeon.
             The game lasted 00:01:32 (3832 turns).

qw the Skirmisher (Minotaur Hunter)                 Turns: 3832, Time: 00:01:32

Health: 0/61       AC:  7    Str: 15    XL:     7   Next: 39%
Magic:  6/6        EV: 12    Int:  6    God:
Gold:   316        SH:  0    Dex: 16    Spells: 6/6 levels left

rFire   . . .        Y - +0 shortbow
rCold   . . .        (shield currently unavailable)
rNeg    . . .        b - +0 ring mail
rPois   .            (helmet restricted)
rElec   .            (no cloak)
rCorr   .            g - +1 Delatra's gloves {ID++}
SInv    .            (no boots)
Will    .....        (no amulet)
Stlth   +            (no ring)
HPRegen 0.30/turn    (no ring)
MPRegen 0.10/turn

%: no passive effects
@: lethally poisoned (0 -> -6)
A: horns 2, retaliatory headbutt
a: no special abilities


You were on level 5 of the Dungeon.
You visited 1 branch of the dungeon, and saw 5 of its levels.

You collected 316 gold pieces.


Innate Abilities, Weirdness & Mutations

You have a pair of horns on your head.
You reflexively headbutt those who attack you in melee.


   Skills:
 - Level 5.1 Fighting
 + Level 8.3 Ranged Weapons
 - Level 2.2 Armour
 - Level 3.3 Dodging
 - Level 0.7 Stealth


You had 6 spell levels left.
You didn't know any spells.
Your spell library was empty.

Inventory:

Hand Weapons
 Y - a +0 shortbow (weapon)
Armour
 b - a +0 ring mail (worn)
 g - the +1 Delatra's gloves (worn) {ID++}
   (You found it on level 2 of the Dungeon)

   ID++:      It heals its wearer when they drink unknown potions, and restores
   their MP when they read unknown scrolls.
Scrolls
 a - 2 scrolls of identify
 c - a scroll of teleportation
 d - 2 scrolls of enchant armour
Potions
 f - a potion of curing
 h - a potion of mutation

Dungeon Overview and Level Annotations

Branches:
Dungeon (5/15)
 Temple: D:4-7

Altars:
Gozag
Ru
The Shining One

Portals:
Abyss: D:4

Annotations:
D:4 2 transporters, qw's ghost, novice MiHu
D:5 Pikel


Message History

A lemure comes into view.
You shoot an arrow. The arrow barely misses the lemure.
The arrow closely misses the lemure. x2; The arrow hits the lemure!
The lemure is moderately wounded.
You shoot an arrow. The arrow hits the lemure.
The lemure is lightly wounded.
The lemure closely misses you. You furiously retaliate!
You headbutt the lemure. You shoot an arrow.
The arrow closely misses the lemure.
The arrow closely misses Pikel.
The arrow hits the lemure.
The lemure is moderately wounded.
The scorpion closely misses you. You furiously retaliate!
You headbutt the scorpion. The lemure misses you. The scorpion misses you.
You shoot an arrow. The arrow barely misses the lemure.
The arrow hits Pikel!
Pikel is moderately wounded.
The scorpion stings you. The lemure closely misses you.
You furiously retaliate!
You headbutt the lemure. The lemure barely misses you.
Pikel hits you but does no damage.
You shoot an arrow. The arrow barely misses Pikel.
The scorpion closely misses you. The lemure hits you but does no damage.
Pikel says, "Don't tell anyone, but I think Ereshkigal likes me."
Pikel hits you with a +0 whip of flaming!
Pikel burns you.
You shoot an arrow. The arrow barely misses Pikel.
The scorpion barely misses you. The lemure hits you.
The lemure hits you but does no damage. Pikel hits you but does no damage.
You shoot an arrow.
The arrow hits Pikel but does no damage.
Pikel is moderately wounded.
The scorpion stings you.
You are poisoned.
The scorpion poisons you!
The lemure hits you. x2; The scorpion stings you.
The lemure misses you. You furiously retaliate!
You headbutt the lemure. Pikel misses you.
The lemure hits you but does no damage.
You shoot an arrow. The arrow closely misses Pikel.
You feel very sick. The scorpion stings you. The lemure hits you. x2
The lemure closely misses you. The lemure hits you!
Pikel hits you with a +0 whip of flaming.
Pikel burns you.
You die...

# ... . ... #### ....
... ..... ..# #
#####..... .<#.... #+
#......... .%#.... #.
#55K...... ....# #.#
#.@s...... ....#
#.###.55<.....
....####
#..........#.#
........ #.........##
....##### #.........#
........# #.........#
#.......###.%.......#
....)...............+
..........#.........#


You could see Pikel, 4 lemures and a scorpion.

Vanquished Creatures
  An ice beast (D:4)
  2 ogres (D:4)
  2 scorpions (D:5)
  2 hounds
  A sleepcap (D:5)
  2 iguanas
  An orc wizard (D:2)
  Robin (D:4)
  3 adders
  3 worms
  11 dart slugs (D:4)
  3 orcs
  5 endoplasms (D:1)
  4 giant cockroaches
  16 goblins
  8 hobgoblins
  4 quokkas
  5 ball pythons
  9 bats
  3 frilled lizards
  6 kobolds
  6 rats
98 creatures vanquished.

Vanquished Creatures (others)
  A goblin (D:4)
1 creature vanquished.

Grand Total: 99 creatures vanquished

Notes
Turn   | Place    | Note
-------+----------+-------------------------------------------
     0 | D:1      | qw the Minotaur Hunter began the quest for the Orb.
     0 | D:1      | Reached XP level 1. HP: 18/18 MP: 0/0
     0 | D:1      | 0 ||| qw: Version: 0.2-a-120-gdf1a93b
     0 | D:1      | 0 ||| qw: Game counter: 3015
     0 | D:1      | 0 ||| qw: Always use a shield: true
     0 | D:1      | 0 ||| qw: God list: Okawaru
     0 | D:1      | 0 ||| qw: Allow faded altars: false
     0 | D:1      | 0 ||| qw: Do Orc after D:15 true
     0 | D:1      | 0 ||| qw: Do second Lair branch before Depths: true
     0 | D:1      | 0 ||| qw: Lair rune preference: random
     0 | D:1      | 0 ||| qw: Plans: Normal
     0 | D:1      | 0 ||| PLANNING D:1-11
   104 | D:1      | Reached XP level 2. HP: 25/25 MP: 1/1
   119 | D:1      | Reached skill level 5 in Ranged Weapons
   220 | D:1      | Reached skill level 3 in Fighting
   378 | D:1      | Reached XP level 3. HP: 29/31 MP: 2/2
   619 | D:1      | 619 ||| READING scroll labelled ICLOBYMMIU.
   622 | D:1      | 622 ||| READING scroll labelled BUSSAINLUAZO.
   623 | D:1      | 623 ||| READING scroll labelled DOUJEC QEUBB.
   624 | D:1      | 624 ||| DROPPING scroll of butterflies.
  1136 | D:2      | Reached XP level 4. HP: 16/38 MP: 3/3
  1137 | D:2      | Reached skill level 6 in Ranged Weapons
  1219 | D:2      | Found the +1 Delatra's gloves {ID++}
  1789 | D:2      | 1789 ||| UPGRADING to +1 Delatra's gloves {ID++}.
  1794 | D:2      | 1794 ||| READING scroll labelled ZAEGI DIRUP MUAG.
  1795 | D:2      | 1795 ||| READING scroll labelled GESUFE SUCO IQOSK.
  1796 | D:2      | 1796 ||| READING scroll labelled LUYPUI WALOTOI.
  1863 | D:2      | 1863 ||| DRINKING 2 smoky orange potions.
  1864 | D:2      | 1864 ||| READING 4 scrolls of identify.
  1864 | D:2      | 1864 ||| IDENTIFYING murky purple potion
  1865 | D:2      | 1865 ||| READING 3 scrolls of identify.
  1865 | D:2      | 1865 ||| IDENTIFYING murky silvery potion
  1866 | D:2      | 1866 ||| READING 2 scrolls of identify.
  1866 | D:2      | 1866 ||| IDENTIFYING puce potion
  1867 | D:2      | 1867 ||| DROPPING potion of enlightenment.
  1868 | D:2      | 1868 ||| DROPPING potion of degeneration.
  1932 | D:3      | Found an opulent altar of Gozag.
  2091 | D:3      | Reached skill level 1 in Armour
  2308 | D:3      | Found a glowing golden altar of the Shining One.
  2357 | D:3      | 2357 ||| UPGRADING to +0 ring mail.
  2367 | D:3      | 2367 ||| DROPPING +0 leather armour.
  2368 | D:3      | 2368 ||| READING 2 scrolls labelled XIMAHEDIUMN.
  2369 | D:3      | 2369 ||| READING scroll labelled LEP EGGOSTREOKH.
  2392 | D:4      | Noticed Robin
  2405 | D:4      | Reached XP level 5. HP: 35/46 MP: 4/4
  2408 | D:4      | HP: 11/46 [goblin/+0 dagger[Robin] (1)]
  2409 | D:4      | 2409 ||| READING scroll of teleportation.
  2410 | D:4      | 2410 ||| DRINKING potion of heal wounds.
  2566 | D:4      | Found a sacrificial altar of Ru.
  2653 | D:4      | Noticed an ogre
  2654 | D:4      | 2654 ||| Stepping ~*~*~tactically~*~*~ (water).
  2661 | D:4      | Noticed an ice beast
  2663 | D:4      | Killed an ogre
  2664 | D:4      | Reached skill level 7 in Ranged Weapons
  2680 | D:4      | Killed an ice beast
  2681 | D:4      | Reached XP level 6. HP: 23/52 MP: 5/5
  2802 | D:4      | 2802 ||| Stepping ~*~*~tactically~*~*~ (water).
  2806 | D:4      | 2806 ||| Stepping ~*~*~tactically~*~*~ (water).
  2812 | D:4      | HP: 12/52 [ogre/+0 giant spiked club (16)]
  2814 | D:4      | Reached skill level 8 in Ranged Weapons
  2816 | D:4      | HP: 5/52 [kobold/+0 whip (4)]
  2818 | D:4      | HP: 2/52 [iguana (3)]
  2828 | D:4      | 2828 ||| FLEEEEING.
  2829 | D:4      | 2829 ||| FLEEEEING.
  2831 | D:4      | 2831 ||| FLEEEEING.
  2832 | D:4      | 2832 ||| FLEEEEING.
  2833 | D:4      | 2833 ||| STAIRDANCE
  3000 | D:3      | 3000 ||| READING scroll labelled COIQ BUXIETUO.
  3022 | D:4      | Found a transporter.
  3029 | D:4      | Noticed qw's ghost (novice MiHu)
  3029 | D:4      | Noticed a small abomination
  3080 | D:4      | Killed Robin
  3319 | D:4      | Found a transporter.
  3365 | D:4      | Found a one-way gate to the infinite horrors of the Abyss.
  3369 | D:4      | 3369 ||| READING scroll labelled ZUNASE BOWN.
  3370 | D:4      | 3370 ||| READING 3 scrolls of identify.
  3370 | D:4      | 3370 ||| IDENTIFYING black potion
  3372 | D:4      | 3372 ||| Stepping ~*~*~tactically~*~*~ (cloud).
  3524 | D:5      | Entered Level 5 of the Dungeon
  3531 | D:5      | Reached XP level 7. HP: 53/61 MP: 6/6
  3531 | D:5      | 3531 ||| STAIRDANCE
  3715 | D:5      | Reached skill level 3 in Dodging
  3822 | D:5      | Noticed Pikel
  3832 | D:5      | HP: 10/61 [lemure[Pikel] (6)]
  3832 | D:5      | HP: 2/61 [lemure[Pikel] (8)]
  3832 | D:5      | Slain by Pikel

Levels and vault maps discovered:
D:1:      minmay_arrival_glassed_features, layout_basic,
          dreamdust_mushroom_princess, minmay_close_crescents
D:2:      layout_basic, nicolae_hexahallways, pf_guarded_unrand_delatra
D:3:      layout_rooms, nicolae_gozag_cash_rules_everything_around_me,
          tso_oasis_becter
D:4:      kennysheep_slugbush, layout_cave_pools, amcnicky_altar_gilded,
          gammafunk_ghost_abyssal_escape, uniq_robin
D:5:      layout_basic, mainiacjoe_overflow_boulevard, uniq_menkaure, uniq_pikel

Skill      XL: |  1  2  3  4  5  6  7 |
---------------+----------------------+-----
Ranged Weapons | 5 6 7 8 |  8.3
Fighting       | 3 4 5 |  5.1
Armour         | 1 2 |  2.2
Dodging        | 3 |  3.3
Stealth        | |  0.7

Action                     |  1- 3 |  4- 6 |  7- 9 || total
---------------------------+-------+-------+-------++-------
   Fire: Shortbow          |    99 |   171 |    49 ||   319
    Use: Scroll            |     3 |    12 |       ||    15
         Potion            |       |     2 |       ||     2
 Armour: Leather armour    |     8 |     1 |       ||     9
         Ring mail         |       |    36 |    15 ||    51
  Dodge: Dodged            |    17 |    65 |    33 ||   115

Table legend:
 A = Non-vault XP
 B = Vault XP
 C = Vault XP percentage of total XP
 D = Non-vault monster count
 E = Vault monster count
 F = Vault count percentage of total count
                 A         B        C        D         E       F
            +---------+---------+-------+---------+---------+-------
      Total |     880 |     126 |  12.5 |      68 |      30 |  30.6
            +---------+---------+-------+---------+---------+-------
        D:1 |      34 |       9 |  20.9 |      21 |       5 |  19.2
        D:2 |      27 |      41 |  60.3 |      16 |       3 |  15.8
        D:3 |      64 |       0 |   0.0 |      12 |       0 |   0.0
        D:4 |     463 |      76 |  14.1 |      13 |      22 |  62.9
        D:5 |     292 |       0 |   0.0 |       6 |       0 |   0.0
            +---------+---------+-------+---------+---------+-------
